 Dungeon Crawl Stone Soup version 0.24.0-123-gd5b16e6ec5 (webtiles) character file.

Game seed: 4887939728284328214, levelgen mode: deterministic

144 H0rd4k the Charlatan (level 5, -7/37 HPs)
             Began as a Human Artificer on Feb 12, 2020.
             Mangled by Edmund
             ... wielding a +6 flail of protection
              (11 damage)
             ... while paralysed by Grinder
             ... on level 4 of the Dungeon.
             The game lasted 00:04:59 (3465 turns).

H0rd4k the Charlatan (Human Artificer)              Turns: 3465, Time: 00:04:59

Health: -7/37      AC:  2    Str: 13    XL:     5   Next: 52%
Magic:  7/7        EV:  2    Int: 11    God:
Gold:   309        SH:  0    Dex: 14    Spells: 4/4 levels left

rFire    + . .     SeeInvis .   a - +1 short sword
rCold    + . .     Gourm    .   (no shield)
rNeg     . . .     Faith    .   p - +0 robe {rC+ rF+}
rPois    .         Spirit   .   (no helmet)
rElec    .         Reflect  .   q - scarf {repulsion}
rCorr    .         Harm     .   (no gloves)
MR       .....                  (no boots)
Stlth    ++........             (no amulet)
HPRegen  0.12/turn              (no ring)
MPRegen  0.10/turn              (no ring)

@: paralysed, about to teleport, repel missiles
A: no striking features
a: no special abilities


You were on level 4 of the Dungeon.
You were not hungry.

You visited 1 branch of the dungeon, and saw 4 of its levels.

You collected 309 gold pieces.

Inventory:

Hand Weapons
 a - a +1 short sword (weapon)
Armour
 b - a +0 leather armour
 p - a +0 robe of resistance (worn)
 q - a scarf of repulsion (worn)
Jewellery
 w - a cursed ring of ice {unknown}
Wands
 c - a wand of flame (2)
 d - a wand of enslavement (13)
 e - a wand of random effects (15)
 u - a wand of iceblast (7)
Scrolls
 n - 4 scrolls of identify {unknown}
 o - 2 scrolls of immolation {unknown}
Potions
 g - 3 potions of lignification {unknown}
 h - a potion of flight {unknown}
 i - 2 potions of curing {unknown}
 j - 3 potions of resistance {unknown}
 k - 3 potions of brilliance {unknown}
 r - 2 potions of heal wounds {unknown}
 s - a potion of magic {unknown}
 t - a potion of cancellation {unknown}
 v - a potion of agility {unknown}
 x - a potion of degeneration {unknown}
Comestibles
 f - 5 rations


   Skills:
 + Level 1.6 Fighting
 + Level 2.6 Short Blades
 + Level 0.6 Armour
 + Level 3.2 Dodging
 + Level 1.7 Stealth
 + Level 3.7 Evocations


You had 4 spell levels left.
You didn't know any spells.
Your spell library was empty.

Dungeon Overview and Level Annotations

Branches:
Dungeon (4/15)
 Temple: D:4-7

Altars:

Annotations:
D:4 Edmund, Grinder


Message History

Grinder partially resists.
Grinder is moderately wounded.
Edmund the Younger comes into view.
He is wielding a +6 flail of protection.
Grinder blinks!
Grinder says, "I used to sell toenails on the black market."
Edmund closely misses you.
As you read the scroll labeled MULOON MUELA, it crumbles to dust.
It is a scroll of enchant weapon.
Your +0 short sword glows red for a moment.
Grinder hits you.
You writhe in agony.
Edmund hits you with a +6 flail of protection!
As you read the scroll labeled BOIDIROI LYQOC, it crumbles to dust.
You feel strangely unstable.
It was a scroll of teleportation.
Grinder gestures at you.
You suddenly lose the ability to move!
Edmund hits you with a +6 flail of protection!
* * * LOW HITPOINT WARNING * * *
Grinder blinks!
Edmund hits you with a +6 flail of protection!
You die...

##.#
#..........
#..#
#..........
#.##
#..........
###.#
#.........#
####...#
#........<#
#.....##
#.........#
#.....##
##.#..#####
#...5..#####
#.#.##
######.ยง@@.#
....#
#####..#
...### .....#
.... ... .# .


You could see Edmund and Grinder.

Vanquished Creatures
  A worker ant (D:2)
  3 adders
  2 oozes
  A worm (D:3)
  3 dart slugs
  2 leopard geckos
  An orc (D:3)
  2 ball pythons
  8 bats
  A giant cockroach (D:1)
  7 goblins
  7 hobgoblins
  7 jackals (D:3)
  11 kobolds
  3 quokkas
  4 frilled lizards
  6 rats
69 creatures vanquished.

Vanquished Creatures (others)
  A jackal (D:3)
1 creature vanquished.

Grand Total: 70 creatures vanquished

Notes
Turn   | Place    | Note
-------+----------+-------------------------------------------
     0 | D:1      | H0rd4k the Human Artificer began the quest for the Orb.
     0 | D:1      | Reached XP level 1. HP: 15/15 MP: 3/3
   101 | D:1      | Reached XP level 2. HP: 15/21 MP: 4/4
   647 | D:2      | Reached XP level 3. HP: 18/26 MP: 5/5
  1323 | D:3      | Reached XP level 4. HP: 21/32 MP: 6/6
  2349 | D:2      | Reached XP level 5. HP: 37/37 MP: 7/7
  3455 | D:4      | Noticed Grinder
  3455 | D:4      | Paralysed by Grinder for 5 turns
  3460 | D:4      | Noticed Edmund
  3464 | D:4      | Paralysed by Grinder for 3 turns
  3465 | D:4      | Mangled by Edmund

Levels and vault maps discovered:
D:1:      saegor_arrival_under_anarchy, layout_rooms
D:2:      layout_basic, first_ration, minmay_tripent
D:3:      layout_basic
D:4:      layout_rooms, uniq_edmund, uniq_grinder

Skill      XL: |  1  2  3  4 |
---------------+-------------+-----
Short Blades   | 2 |  2.6
Dodging        | 3 |  3.2
Fighting       | |  1.6
Armour         | |  0.6
Stealth        | |  1.7
Evocations     | |  3.7

Action                   |  1- 3 |  4- 6 || total
-------------------------+-------+-------++-------
Melee: Short sword       |   116 |   170 ||   286
Evoke: Wand              |     4 |    13 ||    17
  Use: Scroll            |     3 |     2 ||     5
 Stab: Distracted        |     1 |       ||     1
       Sleeping          |     1 |       ||     1
  Eat: Chunk             |     1 |     5 ||     6
       Ration            |       |     1 ||     1
Armor: Leather armour    |    12 |       ||    12
       Robe              |    30 |    23 ||    53
Dodge: Dodged            |   142 |   109 ||   251
       Deflected         |     4 |     3 ||     7
